 Dungeon Crawl Stone Soup version 0.30.0-29-ga12c61a403 (webtiles) character file.

Game seed: 15645914656841810275

228 7w4c the Charlatan (level 6, -1/44 HPs)
             Began as a Merfolk Artificer on June 15, 2023.
             Slain by an adder (2 damage)
             ... on level 2 of the Dungeon.
             The game lasted 00:12:15 (582 turns).

7w4c the Charlatan (Merfolk Artificer)               Turns: 582, Time: 00:12:15

Health: -1/44      AC:  6    Str: 12    XL:     6   Next: 2%
Magic:  7/7        EV: 11    Int: 12    God:
Gold:   115        SH:  0    Dex: 15    Spells: 6/7 levels left

rFire   . . .        c - +0 scythe
rCold   . . .        (shield currently unavailable)
rNeg    . . .        h - +0 ring mail
rPois   .            (no helmet)
rElec   .            (no cloak)
rCorr   .            (no gloves)
SInv    .            f - +0 pair of boots
Will    .....        a - amulet of magic regeneration
Stlth   +            (no ring)
HPRegen 0.27/turn    (no ring)
MPRegen 0.50/turn

%: no passive effects
@: lethally poisoned (-1 -> -7)
A: (nimble swimmer 2), mertail
a: no special abilities


You were on level 2 of the Dungeon.
You visited 1 branch of the dungeon, and saw 2 of its levels.

You collected 115 gold pieces.

Inventory:

Hand Weapons
 c - a +0 scythe (weapon)
 j - a +1 flail of venom
Armour
 f - a +0 pair of boots (worn)
 h - a +0 ring mail (worn)
Jewellery
 a - an amulet of magic regeneration (around neck)
Wands
 d - a wand of charming (15) (quivered)
 e - a wand of iceblast (3)
Scrolls
 g - a scroll of magic mapping {unknown}
 i - a scroll of immolation
Potions
 b - 2 potions of curing {unknown}


   Skills:
 + Level 2.0 Fighting
 + Level 1.5 Maces & Flails
 + Level 1.4 Armour
 + Level 3.8 Dodging
 + Level 1.2 Stealth
 + Level 1.0 Spellcasting
 + Level 1.3 Transmutations
 + Level 1.2 Poison Magic
 + Level 4.3 Evocations


You had 6 spell levels left.
You knew the following spells:

 Your Spells              Type           Power      Damage    Failure   Level
a - Sting                 Tmut/Pois      12%        1d3       36%         1

Your spell library contained the following spells:

 Spells                   Type           Power      Damage    Failure   Level
 Poisonous Vapours        Pois/Air       4%         N/A       61%         2
 Olgreb's Toxic Radiance  Pois           3%         N/A       99%         4


Dungeon Overview and Level Annotations

Branches:
Dungeon (2/15)

Altars:


Innate Abilities, Weirdness & Mutations

((You are very nimble when in or above water. (Stealth+, EV+, Speed+++)))
Your lower body shifts to a powerful aquatic tail in water.


Message History

The adder bites you.
You are poisoned.
The adder poisons you! The adder bites you.
You miss the adder.
The adder is almost dead.
You feel sick. The adder barely misses you.
The adder bites you but does no damage.
You hit the adder.
The adder is almost dead.
You feel sick. The adder barely misses you. The adder closely misses you.
You barely miss the adder.
The adder is almost dead.
You feel sick. The adder bites you.
* * * LOW HITPOINT WARNING * * *
You are more poisoned.
The adder poisons you!
You miss the adder.
The adder is almost dead.
* * * LOW HITPOINT WARNING * * *
You feel very sick. The adder barely misses you. The adder closely misses you.
You miss the adder.
The adder is almost dead.
You feel sick. The adder closely misses you.
The adder bites you but does no damage.
You closely miss the adder.
The adder is almost dead.
You feel sick. The adder barely misses you. The adder misses you.
You closely miss the adder.
The adder is almost dead.
You feel sick. The adder closely misses you. x2
You miss the adder.
The adder is almost dead.
You feel sick.
You are no longer poisoned.
The adder bites you.
* * * LOW HITPOINT WARNING * * *
You are lethally poisoned!
The adder poisons you! The adder bites you.
You die...

... #... ... .. ...
#... .. #.. . ##.#.#
.##... .
#.....###..... #
...#........#...
##.........###..^##
#.....S...........#
...#>.@.....##.#.####
#...#..............##.
##.........##.........
##..........)........
####..#...#†........
#...###<..>.......
#..#...............
#.##............... #.
#..#............


You could see an adder.

Vanquished Creatures
  Sigmund (D:2)
  3 gnolls (D:2)
  A worm (D:2)
  A dart slug (D:1)
  2 ball pythons
  3 bats
  4 endoplasms
  2 giant cockroaches
  A goblin (D:2)
  5 hobgoblins
  3 jackals (D:1)
  2 frilled lizards
  3 kobolds
  5 rats
36 creatures vanquished.

Notes
Turn   | Place    | Note
-------+----------+-------------------------------------------
     0 | D:1      | 7w4c the Merfolk Artificer began the quest for the Orb.
     0 | D:1      | Reached XP level 1. HP: 15/15 MP: 1/1
   152 | D:1      | Reached XP level 2. HP: 17/21 MP: 2/2
   413 | D:2      | Learned a level 1 spell: Sting
   437 | D:2      | Reached XP level 3. HP: 24/26 MP: 1/3
   454 | D:2      | Reached skill level 4 in Evocations
   458 | D:2      | Reached XP level 4. HP: 32/32 MP: 4/4
   468 | D:2      | Reached skill level 1 in Armour
   504 | D:2      | Noticed Sigmund
   510 | D:2      | Killed Sigmund
   511 | D:2      | Reached skill level 1 in Maces & Flails
   511 | D:2      | Reached skill level 1 in Spellcasting
   511 | D:2      | Reached skill level 1 in Transmutations
   511 | D:2      | Reached skill level 1 in Poison Magic
   511 | D:2      | Reached XP level 5. HP: 26/38 MP: 4/6
   511 | D:2      | Reached XP level 6. HP: 31/44 MP: 4/7
   582 | D:2      | HP: 1/44 [adder (2)]
   582 | D:2      | Slain by an adder

Illustrated notes

Levels and vault maps discovered:
D:1:      sevenhm_arrival_forest_fort_large_2, layout_rooms,
          minmay_split_cup_small
D:2:      layout_rooms, basic_altar, uniq_sigmund

Skill      XL: |  1  2  3  4 |
---------------+-------------+-----
Dodging        | 3 |  3.8
Evocations     | 4 |  4.3
Armour         | 1 |  1.4
Fighting       | 2 |  2.0
Maces & Flails | 1 |  1.5
Spellcasting   | 1 |  1.0
Transmutations | 1 |  1.3
Poison Magic   | 1 |  1.2
Stealth        | |  1.2

Action                     |  1- 3 |  4- 6 || total
---------------------------+-------+-------++-------
  Melee: Whip              |    43 |     8 ||    51
         Punch             |     2 |     1 ||     3
         Flail             |       |    11 ||    11
         Halberd           |       |    36 ||    36
   Cast: Sting             |     4 |     1 ||     5
  Evoke: Wand              |    11 |     6 ||    17
    Use: Scroll            |     2 |       ||     2
 Armour: Ring mail         |    23 |    17 ||    40
  Dodge: Dodged            |    34 |    39 ||    73
